 Dungeon Crawl Stone Soup version 0.31-a0-1278-g11c5b68f87 (webtiles) character file.

Game seed: 16520787935761796703

1862 pokeman the Thaumaturge (level 8, -6/45 HPs)
             Began as a Deep Elf Hedge Wizard on Dec 17, 2023.
             Was an Initiate of Vehumet.
             Mangled by a manticore (11 damage)
             ... on level 7 of the Dungeon.
             The game lasted 00:10:44 (6086 turns).

pokeman the Thaumaturge (Deep Elf Hedge Wizard)     Turns: 6086, Time: 00:10:45

Health: -6/45      AC:  8    Str:  7    XL:     8   Next: 89%
Magic:  10/25      EV: 12    Int: 22    God:    Vehumet [......]
Gold:   243        SH:  0    Dex: 14    Spells: 21/29 levels left

rFire   . . .        f - +2 dagger (venom)
rCold   . . .        (no shield)
rNeg    . . .        t - +3 leather armour {Will+}
rPois   +            c - +0 hat
rElec   .            (no cloak)
rCorr   .            z - +0 pair of gloves
SInv    +            e - +0 pair of boots
Will    +....        v - amulet of regeneration
Stlth   ++           x - ring of see invisible
HPRegen 1.07/turn    b - ring of poison resistance
MPRegen 0.19/turn

%: no passive effects
@: no status effects
A: no striking features
a: Renounce Religion


You were on level 7 of the Dungeon.
You worshipped Vehumet.
Vehumet was noncommittal.
You visited 1 branch of the dungeon, and saw 8 of its levels.

You collected 243 gold pieces.

Inventory:

Hand Weapons
 f - a +2 dagger of venom (weapon)
 B - the +5 whip of the Crypt {holy, Str+3 Stlth+}
   (You found it on level 6 of the Dungeon)

   Str+3:     It affects your strength (+3).
   Stlth+:    It makes you more stealthy.
Armour
 c - a +0 hat (worn)
 e - a +0 pair of boots (worn)
 t - a +3 leather armour of willpower (worn)
 z - a +0 pair of gloves (worn)
Magical Staves
 s - a staff of death
Jewellery
 b - a ring of poison resistance (right hand)
 q - a ring of flight
 v - an amulet of regeneration (around neck)
 x - a ring of see invisible (left hand)
Wands
 o - a wand of roots (20)
 w - a wand of flame (12)
Scrolls
 a - 9 scrolls of identify {unknown}
 h - a scroll of teleportation {unknown}
 i - a scroll of noise {unknown}
 k - a scroll of acquirement {unknown}
 n - 3 scrolls of fog {unknown}
 p - a scroll of revelation {unknown}
 u - a scroll of poison {unknown}
 y - a scroll of torment {unknown}
 D - a scroll of enchant armour {unknown}
Potions
 d - 2 potions of magic
 g - 2 potions of ambrosia {unknown}
 j - 5 potions of degeneration {unknown}
 l - 2 potions of might {unknown}
 m - 4 potions of curing {unknown}
 r - 2 potions of lignification {unknown}
 A - a potion of attraction {unknown}
 C - a potion of mutation {unknown}


   Skills:
 + Level 2.7 Fighting
 - Level 3.0 Armour
 - Level 3.0 Dodging
 - Level 3.0 Stealth
 * Level 11.1 Spellcasting
 + Level 6.0 Conjurations
 - Level 1.1 Summonings
 - Level 1.1 Necromancy
 - Level 1.1 Translocations
 - Level 1.2 Air Magic
 - Level 1.0 Poison Magic
 - Level 1.0 Evocations


You had 21 spell levels left.
You knew the following spells:

 Your Spells              Type           Power      Damage    Failure   Level
a - Magic Dart            Conj           100%       1d8       1%          1
b - Mephitic Cloud        Conj/Pois/Air  24%        N/A       8%          3
c - Call Imp              Summ           34%        N/A       8%          2
d - Blink                 Tloc           34%        N/A       8%          2

Your spell library contained the following spells:

 Spells                   Type           Power      Damage    Failure   Level
 Summon Small Mammal      Summ           68%        N/A       4%          1
 Slow                     Hex            48%        N/A       8%          1
 Cigotuvi's Dreadful Rot  Necr/Pois/Air  34%        N/A       8%          2
 Call Canine Familiar     Summ           17%        N/A       16%         3
 Summon Guardian Golem    Hex/Summ       14%        N/A       19%         3


Dungeon Overview and Level Annotations

Branches:
Dungeon (8/15)             Temple (0/1) D:5
   Lair: D:8-11

Altars:
Ashenzari
Kikubaaqudgha
Qazlal
Ru
Sif Muna
Vehumet
Yredelemnul
The Shining One

Shops:
D:3 (


Message History

The manticore appears confused.
Unknown command.
Casting: Mephitic Cloud (dangerous; 8% risk of failure)
Confirm with . or Enter, or press ? or * to list all spells.
A tiny devil pulls itself out of the air.
What are your orders? t - Shout!
Orders for allies: a - Attack new target. p - Attack previous target. r - Retreat! s - Stop attacking. g - Guard the area. f - Follow me.
Anything else - Cancel.
Gang up on whom?
Press: ? - help, Dir - move target, f - wight, p - manticore
Aim: a wight, wielding a +4 mace of freezing and wearing a +0 robe Attack!
Unknown command.
Unknown command.
Casting: Call Imp (safe; 8% risk of failure)
Confirm with . or Enter, or press ? or * to list all spells.
Aiming: Mephitic Cloud (dangerous; 8% risk of failure)
Press: ? - help, Shift-Dir - straight line, f - manticore, p - wight
Aim: a manticore (confused, chance to affect: 58%)
The ball explodes into a vile cloud!
The stinking cloud engulfs the manticore but does no damage.
The stinking cloud engulfs your cerulean imp but does no damage.
The stinking cloud engulfs you but does no damage.
The manticore is engulfed in noxious fumes.
The manticore bites you!
The manticore claws you but does no damage.
The manticore barely misses you.
Unknown command.
Unknown command.
You hit the manticore.
The manticore is poisoned.
The manticore is lightly wounded.
You carefully extract the barbed spikes from your body.
The manticore is engulfed in noxious fumes.
The manticore appears confused.
The manticore bites you!!
* * * LOW HITPOINT WARNING * * *
The manticore closely misses you. The manticore claws you!
You die...

# #.#### #.#..#########
#.○.<##..##..##
#...('........#
#...<#........#
#....##..##...#
#.#○.##.)##..## #
#5H@..#..##..## ♣♣♣#.#♣♣♣
#.☼°..#.......# h.J#...
#.z...#.......# ♣...♣
#.#..##..##..##
####...#######z#..##..#####
........zSo.†K.........#
..>....z.#K............##
...#....###.#......#.[..#
######..###.#############


You could see a manticore (confused, very poisoned), a kobold brigand
(confused), 2 wights and a friendly cerulean imp (summoned).

Vanquished Creatures
  A hornet (D:7)
  Prince Ribbit (D:5)
  A water moccasin (D:6)
  An orc warrior (D:6)
  A black bear (D:4)
  A centaur (D:6)
  An ogre (D:5)
  A phantom (D:4)
  3 scorpions
  A howler monkey (D:7)
  8 hounds
  A jelly (D:5)
  Ijyb (D:4)
  4 orc wizards
  Natasha (thrice) (D:4)
  3 gnolls (D:5)
  4 adders
  2 shadow imps (D:7)
  3 worms
  7 dart slugs
  9 orcs
  7 bats
  5 endoplasms
  3 giant cockroaches
  2 goblins
  5 hobgoblins
  6 kobolds
  2 quokkas
  7 ball pythons
  3 frilled lizards
  3 rats
100 creatures vanquished.

Vanquished Creatures (collateral kills)
  An ice beast (D:8)
1 creature vanquished.

Vanquished Creatures (others)
  An orc wizard (D:6)
1 creature vanquished.

Grand Total: 102 creatures vanquished

Notes
Turn   | Place    | Note
-------+----------+-------------------------------------------
     0 | D:1      | pokeman the Deep Elf Hedge Wizard began the quest for the
                  | Orb.
     0 | D:1      | Reached XP level 1. HP: 10/10 MP: 7/7
   410 | D:1      | Reached XP level 2. HP: 12/16 MP: 4/9
   746 | D:1      | Reached skill level 5 in Spellcasting
   915 | D:1      | Reached XP level 3. HP: 17/20 MP: 5/11
   919 | D:1      | Learned a level 3 spell: Mephitic Cloud
   922 | D:1      | Learned a level 2 spell: Call Imp
   925 | D:1      | Learned a level 2 spell: Blink
  1134 | D:2      | Found a basalt altar of Yredelemnul.
  1280 | D:2      | Reached skill level 1 in Armour
  1374 | D:2      | Reached skill level 1 in Fighting
  1696 | D:3      | Found Tejor's Weapon Shop.
  2081 | D:3      | Reached XP level 4. HP: 25/25 MP: 13/13
  2728 | D:4      | Reached skill level 6 in Spellcasting
  2728 | D:4      | Reached XP level 5. HP: 26/29 MP: 5/15
  2884 | D:4      | Noticed Ijyb
  2896 | D:4      | Killed Ijyb
  3059 | D:4      | Noticed a black bear
  3069 | D:4      | Killed a black bear
  3070 | D:4      | Reached skill level 1 in Necromancy
  3070 | D:4      | Reached skill level 1 in Poison Magic
  3070 | D:4      | Reached skill level 1 in Evocations
  3072 | D:4      | Reached XP level 6. HP: 34/34 MP: 5/17
  3278 | D:4      | Reached skill level 1 in Air Magic
  3388 | D:4      | Noticed Natasha
  3397 | D:4      | Killed Natasha
  3407 | D:4      | Reached skill level 7 in Spellcasting
  3908 | D:4      | Found a radiant altar of Vehumet.
  3920 | D:4      | Became a worshipper of Vehumet
  3933 | D:4      | Found an ancient bone altar of Kikubaaqudgha.
  3944 | D:4      | Found a shimmering blue altar of Sif Muna.
  3953 | D:4      | Reached XP level 7. HP: 39/39 MP: 16/20
  4003 | D:4      | Noticed Natasha
  4013 | D:4      | Killed Natasha
  4155 | D:4      | Noticed Natasha
  4169 | D:4      | Killed Natasha
  4180 | D:5      | Entered Level 5 of the Dungeon
  4191 | D:5      | Reached skill level 8 in Spellcasting
  4240 | D:5      | Found a staircase to the Ecumenical Temple.
  4503 | D:5      | Found a stormy altar of Qazlal.
  4740 | D:5      | Found a sacrificial altar of Ru.
  4740 | D:5      | Noticed Prince Ribbit
  4754 | D:5      | Killed Prince Ribbit
  4755 | D:5      | Reached skill level 9 in Spellcasting
  4849 | D:5      | You are sucked into a shaft and drop 3 floors!
  4875 | D:8      | Reached XP level 8. HP: 13/44 MP: 21/23
  4904 | D:7      | Noticed a slime creature
  5077 | D:5      | Found a glowing golden altar of the Shining One.
  5245 | D:5      | Reached skill level 5 in Conjurations
  5561 | D:6      | Reached skill level 10 in Spellcasting
  5629 | D:6      | Found a broken altar of Ashenzari.
  5687 | D:6      | Identified the +5 whip of the Crypt {holy, Str+3 Stlth+}
  5961 | D:7      | Noticed a hornet
  5968 | D:7      | Killed a hornet
  5969 | D:7      | Reached skill level 11 in Spellcasting
  6077 | D:7      | Noticed a manticore
  6086 | D:7      | Mangled by a manticore

Illustrated notes

Levels and vault maps discovered:
D:1:      lemuel_arrival_funnel, layout_basic, chequers_mini_garden,
          serial_bayou_lagoon_b
D:2:      layout_rooms, basic_altar
D:3:      layout_basic, serial_shops, nicolae_shop_bloodbath_and_beyond
D:4:      layout_layer_cave, palyth_temple_overflow_mages, uniq_natasha,
          uniq_ijyb
D:5:      layout_basic, mainiacjoe_overflow_cross_hatched, lemuel_doored_altar,
          nicolae_ru_the_path_less_chosen, temple_hall,
          kennysheep_opposing_triangles, uniq_prince_ribbit1
D:6:      layout_rooms, overflow_temple_1_default
D:7:      nzn_winding_woodlands_small [nzn_winding_woodlands_5x15_jagged,
          nzn_winding_woodlands_center_diamonds,
          nzn_winding_woodlands_5x15_twine], layout_gridville,
          minmay_misc_feat_pillars, minmay_holes, st_stairs_7, uniq_duvessa
D:8:      layout_cave_pools, mainiacjoe_overflow_tiny_flanked,
          serial_column_ruins, column_ruins_circle_medium,
          column_ruins_hut_pillars, column_ruins_columns_straight,
          column_ruins_grid_2, column_ruins_columns_dead_end,
          column_ruins_corridor_dead_end, column_ruins_open_tiny,
          column_ruins_open_tiny, column_ruins_open_small

Skill      XL: |  1  2  3  4  5  6  7  8 |
---------------+-------------------------+-----
Spellcasting   | 5 6 7 9 11 | 11.1
Armour         | 1 2 3 |  3.0
Fighting       | 1 2 |  2.7
Conjurations   | 2 3 4 6 |  6.0
Dodging        | 3 |  3.0
Stealth        | 3 |  3.0
Necromancy     | 1 |  1.1
Poison Magic   | 1 |  1.0
Evocations     | 1 |  1.0
Air Magic      | 1 |  1.2
Summonings     | |  1.1
Translocations | |  1.1

Action                     |  1- 3 |  4- 6 |  7- 9 || total
---------------------------+-------+-------+-------++-------
  Melee: Dagger            |     9 |    31 |    83 ||   123
         Punch             |       |     1 |     2 ||     3
   Cast: Magic Dart        |    95 |    63 |    61 ||   219
         Mephitic Cloud    |       |     7 |    19 ||    26
         Call Imp          |       |       |     2 ||     2
         Blink             |       |       |     1 ||     1
  Evoke: Wand              |       |       |     1 ||     1
   Stab: Sleeping          |     1 |       |       ||     1
         Confused          |       |     4 |     9 ||    13
 Armour: Robe              |    15 |     8 |       ||    23
         Leather armour    |       |    19 |    58 ||    77
  Dodge: Dodged            |    10 |    28 |    58 ||    96

Table legend: (Time is in decaauts)
 A = Elapsed time spent in this place.
 B = Non-inter-level travel time spent in this place.
 C = Inter-level travel time spent in this place.
 D = Time resting spent in this place.
 E = Time spent auto-exploring this place.
 F = Levels seen in this place.
 G = Mean time per level.
                   A        B        C        D        E       F      G
               +--------+--------+--------+--------+--------+-----+--------+
         Total |   6100 |   5844 |    256 |      6 |   5020 |   8 |  762.5 |
       Dungeon |   6100 |   5844 |    256 |      6 |   5020 |   8 |  762.5 |
               +--------+--------+--------+--------+--------+-----+--------+

Top non-repeatable levels by time:
     D:4: 1682 daAuts
     D:5: 1106 daAuts
     D:1: 1007 daAuts
     D:3: 786 daAuts
     D:2: 719 daAuts
     D:6: 600 daAuts
     D:7: 164 daAuts
     D:8: 32 daAuts
